 Dungeon Crawl Stone Soup version 0.23.2-11-gf996548c65 (webtiles) character file.

Game seed: 1281381693459163256

150 MalarOregon the Grasshopper (level 5, -3/43 (44) HPs)
             Began as a Ghoul Warper on June 4, 2019.
             Slain by Menkaure (5 damage)
             ... on level 3 of the Dungeon.
             The game lasted 00:05:58 (3882 turns).

MalarOregon the Grasshopper (Ghoul Warper)          Turns: 3882, Time: 00:05:59

HP:   -3/43 (44)    AC:  5    Str: 19    XL:     5   Next: 32%
MP:   7/7           EV: 12    Int:  9    God:
Gold: 158           SH:  0    Dex:  8    Spells: 4/8 levels left

rFire    . . .     SeeInvis .     - Unarmed
rCold    + . .     Gourm    .   (no shield)
rNeg     + + +     Faith    .   a - +0 leather armour
rPois    ∞         Spirit   .   (no helmet)
rElec    .         Reflect  .   (no cloak)
rCorr    .         Harm     .   t - +1 pair of gloves
MR       .....                  (no boots)
Stlth    +.........             (no amulet)
HPRegen  0.00/turn              g - +4 ring of strength
MPRegen  0.10/turn              j - ring of wizardry

@: rotting
A: rotting body, claws 1, carnivore, cold resistance 1, negative energy
resistance 3, inhibited regeneration, torment resistance, unbreathing
a: no special abilities


You were on level 3 of the Dungeon.
You were not hungry.

You visited 1 branch of the dungeon, and saw 4 of its levels.

You collected 158 gold pieces.

Inventory:

Missiles
 d - 4 tomahawks of dispersal (quivered) {!f}
 l - 14 poisoned needles
 p - 99 arrows
 q - 4 needles of sleeping
 r - 22 stones
Armour
 a - a +0 leather armour (worn)
 t - a +1 pair of gloves (worn)
   (You found it on level 3 of the Dungeon)
Jewellery
 g - a +4 ring of strength (left hand)
   (You found it on level 2 of the Dungeon)
 j - a ring of wizardry (right hand)
   (You found it on level 3 of the Dungeon)
Wands
 n - a wand of clouds (5)
   (You found it on level 3 of the Dungeon)
Scrolls
 c - a scroll of blinking
 f - 3 scrolls of identify {@r1}
 m - a scroll of teleportation {@r4}
 u - 3 scrolls of immolation {unknown}
 v - a scroll of noise {unknown}
Potions
 b - a potion of flight {unknown}
 h - a potion of haste {unknown}
 i - a potion of curing {unknown}
 k - a potion of resistance {unknown}
 o - a potion of might {unknown}
Comestibles
 e - 13 rations {!d}


   Skills:
 + Level 2.8 Fighting
 + Level 1.6 Throwing
 + Level 1.8 Armour
 + Level 2.3 Dodging
 + Level 1.5 Stealth
 + Level 3.0 Unarmed Combat
 - Level 2.0 Spellcasting
 + Level 1.0 Charms
 - Level 3.0 Translocations


You had 4 spell levels left.
You knew the following spells:

 Your Spells              Type           Power        Failure   Level  Hunger
b - Blink                 Tloc           N/A          7%          2    ###....
q - Shroud of Golubria    Chrm/Tloc      #.........   11%         2    ###....

Your spell library contained the following spells:

 Spells                   Type           Power        Failure   Level  Hunger
 Gell's Gravitas          Tloc           #.........   14%         3    ####...
 Lesser Beckoning         Tloc           #.........   14%         3    ####...
 Teleport Other           Tloc           #.......     14%         3    ####...
 Passage of Golubria      Tloc           N/A          41%         4    #####..


Dungeon Overview and Level Annotations

Branches:
Dungeon (4/15)
 Temple: D:4-7

Altars:
Trog

Annotations:
D:3 Menkaure


Innate Abilities, Weirdness & Mutations

Your body is rotting away.
You thrive on raw meat.
You are immune to poison.
You have sharp fingernails.
You are carnivorous and can eat meat at any time.
Your flesh is cold resistant. (rC+)
You are immune to negative energy. (rN+++)
You do not regenerate when monsters are visible.
You are immune to unholy pain and torment.
You can survive without breathing.


Message History

There is a stone staircase leading down here.
You climb downwards.
A leopard gecko comes into view.
Found a scroll labeled HOIN HOYHIECW and 3 gold pieces.
Found an escape hatch in the ceiling.
Found a stone staircase leading down.
There is a stone staircase leading up here.
Menkaure, Prince of Dust comes into view.
Menkaure shouts!
The leopard gecko hisses angrily.
You hear an angry hiss.
You hear a shout!
You hit Menkaure but do no damage. Menkaure hits you!
You hit Menkaure but do no damage. The leopard gecko barely misses you.
Menkaure mumbles some strange words.
Menkaure seems to speed up.
You barely miss Menkaure.
The leopard gecko bites you but does no damage.
An orc comes into view. It is wielding a -3 club.
Menkaure barely misses you.
The leopard gecko bites you but does no damage.
Menkaure whispers drily.
Menkaure hits you.
There is a stone staircase leading up here.
The leopard gecko bites you but does no damage.
Menkaure closely misses you.
You climb upwards.
There is a stone staircase leading down here.
Unknown command.
Throwing (i - inventory. (/) - cycle)
d - 5 tomahawks of dispersal (quivered)
{!f}
Aim: Menkaure (fast) Really fire
d - 5 tomahawks of dispersal {!f}?
You throw a tomahawk of dispersal {!f}.
The tomahawk of dispersal {!f} hits Menkaure!
Menkaure blinks!
The leopard gecko bites you but does no damage.
You hit the leopard gecko but do no damage.
The leopard gecko closely misses you.
The leopard gecko bites you but does no damage.
You closely miss the leopard gecko. The leopard gecko bites you.
* * * LOW HITPOINT WARNING * * *
You hit the leopard gecko. The leopard gecko closely misses you.
You hit the leopard gecko.
You kill the leopard gecko!
You hit Menkaure but do no damage.
Menkaure sighs a few words.
Menkaure barely misses you.
You punch Menkaure! Menkaure barely misses you.
You barely miss Menkaure. Menkaure hits you but does no damage.
You hit Menkaure but do no damage. Menkaure hits you!!
* * * LOW HITPOINT WARNING * * *
You barely miss Menkaure. Menkaure hits you.
You die...

######## .......# ######.#
######.#########################
................@M.............#
######.######.###############.##
#....)...............# #.#
#........##.####.#...# #.#
#......).#.......#...# #.#
######.###.#..####.#...# #.# .#
#.# #.#.....#.#...# #.# .#####.#
#.#...#.#.#...# #.# .......#
#.#.......#...# #.#


You could see Menkaure.

Vanquished Creatures
  A howler monkey skeleton (D:3)
  5 gnolls
  2 adders (D:3)
  A worm (D:2)
  A leopard gecko (D:3)
  8 orcs
  5 giant cockroaches
  9 goblins
  5 hobgoblins
  4 jackals (D:3)
  7 kobolds
  A quokka (D:2)
  2 ball pythons
  2 bats (D:1)
  7 frilled lizards
  4 rats
64 creatures vanquished.

Notes
Turn   | Place    | Note
-------+----------+-------------------------------------------
     0 | D:1      | MalarOregon the Ghoul Warper began the quest for the Orb.
     0 | D:1      | Reached XP level 1. HP: 17/17 MP: 2/2
    24 | D:1      | Reached skill level 1 in Armour
   146 | D:1      | Reached skill level 1 in Throwing
   169 | D:1      | Reached XP level 2. HP: 19/25 MP: 3/3
   511 | D:1      | Reached XP level 3. HP: 29/30 MP: 4/4
   528 | D:1      | Learned a level 2 spell: Blink
   531 | D:1      | Learned a level 2 spell: Shroud of Golubria
   653 | D:1      | Reached skill level 1 in Stealth
  1196 | D:2      | Found a bloodstained altar of Trog.
  1210 | D:2      | Found a faded altar of an unknown god.
  1868 | D:3      | Reached XP level 4. HP: 25/36 MP: 6/6
  2636 | D:2      | Reached XP level 5. HP: 10/42 MP: 4/7
  3308 | D:3      | Reached skill level 1 in Charms
  3492 | D:4      | Noticed a phantom
  3863 | D:4      | Noticed Menkaure
  3881 | D:3      | HP: 2/43 [Menkaure (19)]
  3882 | D:3      | Slain by Menkaure

Skill      XL: |  1  2  3  4  5 |
---------------+----------------+-----
Armour         | 1 |  1.8
Throwing       | 1 |  1.6
Dodging        | 2 |  2.3
Stealth        | 1 |  1.5
Spellcasting   | 2 |  2.0
Translocations | 3 |  3.0
Unarmed Combat | 3 |  3.0
Charms         | 1 |  1.0
Fighting       | |  2.8

Action                   |  1- 3 |  4- 6 || total
-------------------------+-------+-------++-------
Melee: Unarmed           |   115 |   167 ||   282
       Punch             |     1 |     1 ||     2
Throw: Stone             |       |     5 ||     5
       Tomahawk          |       |     1 ||     1
 Cast: Shroud of Golubri |       |     9 ||     9
  Use: Scroll            |     4 |     2 ||     6
 Stab: Sleeping          |       |     1 ||     1
  Eat: Chunk             |     9 |    10 ||    19
Armor: Leather armour    |    28 |    26 ||    54
Dodge: Dodged            |    68 |   105 ||   173
